 Dungeon Crawl Stone Soup version 0.18.1-48-g4cf74bf (console) character file.

132 Kloppie the Skirmisher (level 5, -11/52 HPs)
             Began as a Gargoyle Berserker on June 25, 2016.
             Was a Believer of Trog.
             Mangled by an ogre
             ... wielding a +0 giant spiked club
              (18 damage)
             ... on level 4 of the Dungeon.
             The game lasted 00:03:54 (2379 turns).

Kloppie the Skirmisher (Gargoyle Berserker)         Turns: 2379, Time: 00:03:54

Health: -11/52     AC: 10    Str: 30    XL:     5   Next: 15%
Magic:  5/5        EV: 10    Int:  7    God:    Trog [**....]
Gold:   121        SH:  0    Dex: 10    Spells: 0 memorised, 4 levels left

rFire  . . .     SeeInvis .     y - +0 flail
rCold  . . .     Gourm    .     i - +0 scale mail
rNeg   + . .     Faith    .     (no shield)
rPois  ∞         Spirit   .     (no helmet)
rElec  +         Dismiss  .     (no cloak)
rCorr  .         Reflect  .     (no gloves)
SustAt +         Harm     .     (no boots)
MR     ++...                    (no amulet)
Stlth  ..........               s - ring of sustain attributes
                                o - +4 ring of strength

@: berserking, regenerating, very quick, very resistant to hostile enchantments,
extremely unstealthy
A: negative energy resistance 1, electricity resistance, unbreathing,
petrification resistance, rot immunity, AC +4
a: Berserk, Trog's Hand, Burn Spellbooks, Renounce Religion


You were on level 4 of the Dungeon.
You worshipped Trog.
Trog was pleased with you.
You were not hungry.

You visited 1 branch of the dungeon, and saw 4 of its levels.

You collected 121 gold pieces.

Inventory:

Hand Weapons
 a - a +0 mace
 y - a +0 flail (weapon)
Armour
 i - a +0 scale mail (worn)
Jewellery
 o - a +4 ring of strength (left hand)
 s - a ring of sustain attributes (right hand)
Scrolls
 d - a scroll of enchant armour {unknown}
 e - a scroll of random uselessness {unknown}
 h - 3 scrolls of remove curse {unknown}
 k - 3 scrolls of teleportation {unknown}
 n - a scroll of fear {unknown}
 q - a scroll of fog {unknown}
 r - 2 scrolls of noise {unknown}
 t - a scroll of enchant weapon {unknown}
 u - a scroll of identify {unknown}
 x - a scroll of recharging {unknown}
Potions
 b - a potion of might {unknown}
 f - 2 potions of flight {unknown}
 g - a potion of curing
 l - a potion of brilliance {unknown}
 p - a potion of berserk rage {unknown}
Books
 w - a book of Ice

   Spells                             Type                      Level
   a - Ice Form                       Ice/Transmutation            4
   b - Metabolic Englaciation         Hexes/Ice                    5
   c - Ozocubu's Refrigeration        Ice                          6
   d - Bolt of Cold                   Conjuration/Ice              6
   e - Freezing Cloud                 Conjuration/Ice/Air          6
   f - Simulacrum                     Ice/Necromancy               6
   Trog disapproves of the use of such an item.
Comestibles
 c - 9 bread rations
 j - 2 meat rations
 m - 5 fruits
 v - 2 beef jerkies


   Skills:
 + Level 5.1 Fighting
 + Level 4.3 Maces & Flails
 - Level 2.1 Armour
 - Level 1.5 Dodging


You had 4 spell levels left.
You didn't know any spells.

Dungeon Overview and Level Annotations

Branches:
Dungeon (4/15)
 Temple: D:4-7

Altars:
Dithmenos
Fedhas
Okawaru
Sif Muna
Vehumet
Xom
Zin


Innate Abilities, Weirdness & Mutations

You are resistant to torment.
Your stone body is resilient (AC +4).
You are immune to poison.
You resist negative energy.
You are resistant to electric shocks.
You can survive without breathing.
You are immune to petrification.
You are immune to rotting.


Message History

You feel resistant to hostile enchantments.
You feel slightly more hungry.
You start waiting.
You sock the ogre!
The ogre is heavily wounded.
The ogre hits you with a giant spiked club!!
Ouch! That really hurt!
* * * LOW HITPOINT WARNING * * *
You are too injured to fight recklessly!
You are too injured to fight recklessly!
You are too injured to fight recklessly!
A red film seems to cover your vision as you go berserk!
You feel yourself moving faster!
You feel mighty!
You feel somewhat more hungry.
The ogre hits you with a giant spiked club!
* * * LOW HITPOINT WARNING * * *
You barely miss the ogre.
The ogre is heavily wounded.
The ogre hits you with a giant spiked club!!
You die...

##............##
#..............##
##...............#
#................#
##................##
#..................##
#...................##
.................O...#
................@#...## .#
................###...###.##
.........<....###
#........## ............###
###.......... ..........###
##............ ......#####
#............. #......
#......O.......< ##......
#............)... #...
#................


You could see an ogre.

Vanquished Creatures
  Ijyb (D:2)
  3 adders
  2 oozes
  4 worms
  A dart slug (D:3)
  A giant gecko (D:2)
  4 orcs (D:3)
  9 bats
  4 giant cockroaches
  6 hobgoblins
  3 kobolds
  A quokka (D:3)
  2 ball pythons
  4 giant newts
  4 goblins
  9 rats
58 creatures vanquished.

Notes
Turn   | Place    | Note
--------------------------------------------------------------
     0 | D:1      | Kloppie the Gargoyle Berserker began the quest for the Orb.
     0 | D:1      | Reached XP level 1. HP: 14/14 MP: 1/1
    20 | D:1      | Reached XP level 2. HP: 17/19 MP: 2/2
   670 | D:2      | Reached XP level 3. HP: 23/24 MP: 3/3
   744 | D:2      | Reached skill level 4 in Fighting
  1140 | D:2      | Noticed Ijyb
  1161 | D:2      | Killed Ijyb
  1161 | D:2      | Reached ** piety under Trog
  1161 | D:2      | Reached XP level 4. HP: 25/30 MP: 4/4
  1479 | D:3      | Found a deep blue altar of Sif Muna.
  1479 | D:3      | Found a shimmering altar of Xom.
  1479 | D:3      | Found a blossoming altar of Fedhas.
  1479 | D:3      | Found a radiant altar of Vehumet.
  1748 | D:3      | Found an iron altar of Okawaru.
  1748 | D:3      | Found a glowing silver altar of Zin.
  1749 | D:3      | Found a shadowy altar of Dithmenos.
  1929 | D:3      | Reached skill level 5 in Fighting
  1929 | D:3      | Reached XP level 5. HP: 35/35 MP: 5/5
  2364 | D:4      | Noticed an ogre
  2379 | D:4      | Mangled by an ogre

Skill      XL: |  1  2  3  4 |
---------------+-------------+-----
Fighting       | 4 5 |  5.1
Maces & Flails | 4 |  4.3
Armour         | |  2.1
Dodging        | |  1.5

Action                   |  1- 3 |  4- 6 || total
-------------------------+-------+-------++-------
Melee: Mace              |   125 |    44 ||   169
       Flail             |       |    65 ||    65
Invok: Berserk           |       |     1 ||     1
       Trog's Hand       |       |     1 ||     1
  Eat: Chunk             |     1 |     4 ||     5
Armor: Animal skin       |     4 |       ||     4
       Leather armour    |    16 |       ||    16
       Scale mail        |    45 |    63 ||   108
Dodge: Dodged            |    91 |    76 ||   167
